 Dungeon Crawl Stone Soup version 0.23.2-33-g5129a83184 (webtiles) character file.

Game seed: 15493328225284826673

75 H0rd4k the Magician (level 4, 0/24 HPs)
             Began as a Deep Elf Wizard on July 8, 2019.
             Shot with a stone by something (8 damage)
             ... on level 3 of the Dungeon.
             The game lasted 00:03:45 (2090 turns).

H0rd4k the Magician (Deep Elf Wizard)               Turns: 2090, Time: 00:03:46

Health: 0/24       AC:  2    Str:  4    XL:     4   Next: 11%
Magic:  6/14       EV: 13    Int: 24    God:
Gold:   72         SH:  0    Dex: 13    Spells: 9/15 levels left

rFire    . . .     SeeInvis .   (no weapon)
rCold    . . .     Gourm    .   (no shield)
rNeg     . . .     Faith    .   a - +0 robe
rPois    .         Spirit   .   b - +0 hat
rElec    .         Reflect  .   (no cloak)
rCorr    .         Harm     .   (no gloves)
MR       .....                  (no boots)
Stlth    ++........             (no amulet)
HPRegen  0.08/turn              (no ring)
MPRegen  0.14/turn              (no ring)

@: no status effects
A: no striking features
a: no special abilities


You were on level 3 of the Dungeon.
You were not hungry.

You visited 1 branch of the dungeon, and saw 3 of its levels.

You collected 72 gold pieces.

Inventory:

Missiles
 e - 3 tomahawks of returning (quivered)
Armour
 a - a +0 robe (worn)
 b - a +0 hat (worn)
Jewellery
 m - a cursed ring of attention {unknown}
Wands
 i - a wand of polymorph (11)
Scrolls
 c - 2 scrolls of identify
 f - 2 scrolls of blinking {unknown}
 g - a scroll of immolation {unknown}
 k - a scroll of magic mapping {unknown}
 l - 3 scrolls of remove curse
 o - a scroll of enchant weapon {unknown}
 p - 2 scrolls of teleportation {unknown}
Potions
 h - a potion of haste
 j - 2 potions of curing {unknown}
 n - a potion of ambrosia {unknown}
Comestibles
 d - 7 rations
 q - 2 chunks of flesh


   Skills:
 + Level 2.8 Dodging
 + Level 2.7 Stealth
 + Level 6.1 Spellcasting
 + Level 2.1 Conjurations
   Level 1.1 Summonings
 + Level 1.1 Translocations


You had 9 spell levels left.
You knew the following spells:

 Your Spells              Type           Power        Failure   Level  Hunger
a - Magic Dart            Conj           ###.         3%          1    None
b - Blink                 Tloc           N/A          8%          2    None
c - Conjure Flame         Conj/Fire      ##......     16%         3    #......

Your spell library contained the following spells:

 Spells                   Type           Power        Failure   Level  Hunger
 Call Imp                 Summ           ##......     8%          2    None
 Slow                     Hex            #.......     12%         2    None
 Mephitic Cloud           Conj/Pois/Air  ##......     19%         3    #......


Dungeon Overview and Level Annotations

Branches:
Dungeon (3/15)

Altars:
Ashenzari
The Shining One


Message History

The magic dart hits the adder.
You kill the adder!
Your Conjurations skill increases to level 2!
You have reached level 4!
You feel clever. The hound closely misses you.
The hobgoblin closely misses you. The hound bites you but does no damage.
Something hits you but does no damage.
You barely miss something. The hound misses you.
The hobgoblin closely misses you.
You hit something. The hound bites you. Something hits you but does no damage.
The hobgoblin closely misses you. The hound completely misses you.
Unknown command.
Casting: Magic Dart (safe; 3% risk of failure)
Confirm with . or Enter, or press ? or * to list all spells.
You blink.
A stone appears from out of thin air!
The stone hits you.
* * * LOW HITPOINT WARNING * * *
The hound misses you. The hound closely misses you.
A stone appears from out of thin air!
The stone hits you!
You die...

######...$....
#...(.......(#
#............#
#............#
#............#
#...(........# ##
#....gh......# #########.
#............# ........#.
#.......@....####........
#......................#.
##########.###.##......#.
#.# #.##...##.#. #.#
#.........#. #.#
####......#. #.#
##..##.#. #.# #.....#.
#.# #..####.


You could see a hound and a hobgoblin.

Vanquished Creatures
  2 adders
  2 worms
  A dart slug (D:1)
  5 leopard geckos
  5 bats
  2 giant cockroaches
  7 hobgoblins
  2 kobolds (D:2)
  A ball python (D:2)
  3 frilled lizards
  6 goblins
  10 rats
46 creatures vanquished.

Notes
Turn   | Place    | Note
-------+----------+-------------------------------------------
     0 | D:1      | H0rd4k the Deep Elf Wizard began the quest for the Orb.
     0 | D:1      | Reached XP level 1. HP: 10/10 MP: 7/7
   172 | D:1      | Reached skill level 5 in Spellcasting
   298 | D:1      | Reached XP level 2. HP: 15/15 MP: 6/10
   914 | D:2      | Learned a level 2 spell: Blink
   948 | D:2      | Reached XP level 3. HP: 19/19 MP: 6/12
   953 | D:2      | Learned a level 3 spell: Conjure Flame
  1259 | D:2      | Found a glowing golden altar of the Shining One.
  1299 | D:2      | Reached skill level 6 in Spellcasting
  1707 | D:2      | Found a shattered altar of Ashenzari.
  2082 | D:3      | Reached XP level 4. HP: 16/24 MP: 7/14
  2090 | D:3      | Shot with a stone by something

Skill      XL: |  1  2  3 |
---------------+----------+-----
Spellcasting   | 5 6 |  6.1
Conjurations   | 2 |  2.1
Dodging        | |  2.8
Stealth        | |  2.7
Summonings     | |  1.1
Translocations | |  1.1

Action                   |  1- 3 |  4- 6 || total
-------------------------+-------+-------++-------
Melee: Unarmed           |       |     2 ||     2
 Cast: Magic Dart        |   130 |     1 ||   131
       Blink             |       |     1 ||     1
  Use: Scroll            |     2 |       ||     2
  Eat: Chunk             |     3 |       ||     3
Armor: Robe              |     5 |     3 ||     8
Dodge: Dodged            |    13 |     8 ||    21
